TOP OF THE 1ST |
Colorado (EL) Rockies batting - Pitching for Mississippi Braves : RHP Jonathan Jacquez
|
Pitching: RHP Jonathan Jacquez
|
|
Batting: RHB John Michener
|
0-0: Ball 1-0: SINGLE (Groundball, 6MD, EV 108.8 MPH)
|
Batting: RHB Eduardo Camacho
|
0-0: Called Strike 0-1: Called Strike 0-2: Fly out, F7 (Flyball, 8LS, EV 70.0 MPH)
|
Batting: LHB Eric Ludwig
|
0-0: Foul Ball, location: 2F 0-1: Fly out, F7 (Flyball, 7D, EV 108.8 MPH)
|
Batting: SHB In-sung Lee
|
0-0: Ball 1-0: Ball 2-0: Ball 3-0: Base on Balls John Michener to second
|
Batting: RHB Matt Wheaton
|
0-0: Ball 1-0: Foul Ball, location: 2F 1-1: Foul Ball, location: 2F 1-2: Ball 2-2: Ball 3-2: Foul Ball, location: 2F 3-2: Base on Balls John Michener to third In-sung Lee to second
|
Batting: RHB R.J. Anchondo
|
0-0: Foul Ball, location: 2F 0-1: Ball 1-1: DOUBLE (Flyball, 7D, EV 86.9 MPH) John Michener scores In-sung Lee scores Matt Wheaton to third Runner from 3rd tries for Home, SAFE, throw by LF to home
|
Batting: RHB Max Schellekens
|
0-0: Ball 1-0: Ball 2-0: Ball 3-0: SINGLE (Line Drive, 7S, EV 105.6 MPH) R.J. Anchondo to third Runner from 3rd tries for Home, SAFE, throw by LF to home
|
Batting: LHB Elijah Black
|
0-0: SINGLE (Line Drive, 7LS, EV 102.5 MPH) Max Schellekens to second
|
Batting: RHB Matt Fabre
|
0-0: Swinging Strike 0-1: Swinging Strike 0-2: Strikes out swinging
|
Top of the 1st over - 4 runs, 4 hits, 0 errors, 2 left on base; Colorado (EL) 4 - Mississippi 0 |
BOTTOM OF THE 1ST |
Mississippi Braves batting - Pitching for Colorado (EL) Rockies : LHP Adrian Hamilton
|
Pitching: LHP Adrian Hamilton
|
|
Batting: RHB Tim Nettles
|
0-0: Foul Ball, location: 2F 0-1: Swinging Strike 0-2: Ball 1-2: Strikes out swinging
|
Batting: RHB Zachary Sidney
|
0-0: Foul Ball, location: 2F 0-1: Ball 1-1: Ground out 4-3 (Groundball, 4M, EV 82.5 MPH)
|
Batting: SHB Brian Bagley
|
0-0: Ball 1-0: Swinging Strike 1-1: Called Strike 1-2: Strikes out swinging
|
Bottom of the 1st over - 0 runs, 0 hits, 0 errors, 0 left on base; Colorado (EL) 4 - Mississippi 0 |
TOP OF THE 2ND |
Colorado (EL) Rockies batting - Pitching for Mississippi Braves : RHP Jonathan Jacquez
|
Batting: RHB John Michener
|
0-0: SINGLE (Groundball, 4MD, EV 102.5 MPH) (infield hit)
|
Batting: RHB Eduardo Camacho
|
0-0: Foul Ball, location: 2F 0-1: DOUBLE (Line Drive, 89D, EV 107.5 MPH) John Michener to third
|
Batting: LHB Eric Ludwig
|
0-0: Ball 1-0: Ball 2-0: Ball 3-0: Base on Balls
|
Batting: SHB In-sung Lee
|
0-0: Swinging Strike 0-1: Called Strike 0-2: Ball 1-2: Strikes out swinging
|
Batting: RHB Matt Wheaton
|
0-0: Foul Ball, location: 2F 0-1: Ball 1-1: Swinging Strike 1-2: Strikes out looking
|
Batting: RHB R.J. Anchondo
|
0-0: Called Strike 0-1: Ball 1-1: SINGLE (Groundball, 6MD, EV 108.1 MPH) John Michener scores Eduardo Camacho to third Eric Ludwig to second Runner from 3rd tries for Home, SAFE, throw by CF to home
|
Pitching: RHP Nate Davis
|
|
Batting: RHB Max Schellekens
|
0-0: Ball 1-0: Ball Balk! Eric Ludwig to third R.J. Anchondo to second 2-0: Ball 3-0: Base on Balls
|
Batting: LHB Elijah Black
|
0-0: Ball 1-0: SINGLE (Groundball, 34D, EV 99.4 MPH) Eric Ludwig scores R.J. Anchondo to third Max Schellekens to second Runner from 3rd tries for Home, SAFE, throw by RF to home
|
Batting: RHB Matt Fabre
|
0-0: Ball 1-0: Foul Ball, location: 2F 1-1: Ball 2-1: Foul Ball, location: 2F 2-2: Foul Ball, location: 2F 2-2: Ground out 4-3 (Groundball, 4MS, EV 83.8 MPH)
|
Top of the 2nd over - 4 runs, 4 hits, 0 errors, 2 left on base; Colorado (EL) 8 - Mississippi 0 |
BOTTOM OF THE 2ND |
Mississippi Braves batting - Pitching for Colorado (EL) Rockies : LHP Adrian Hamilton
|
Batting: RHB Zach Thomason
|
0-0: Ball 1-0: Swinging Strike 1-1: Ball 2-1: Ball 3-1: Called Strike 3-2: Base on Balls
|
Batting: RHB Yorkis Saiki
|
0-0: Foul Ball, location: 2F 0-1: SINGLE (Line Drive, 78M, EV 108.1 MPH) Zach Thomason to second
|
Batting: LHB Raul Guarjardo
|
0-0: Fly out, F6 (Line Drive, 6, EV 66.3 MPH)
|
Batting: LHB Rodolfo Cano
|
0-0: Called Strike 0-1: Ball 1-1: Ball 2-1: Swinging Strike 2-2: Foul Ball, location: 2F 2-2: Strikes out looking
|
Batting: SHB Paul Karlovich
|
0-0: SINGLE (Groundball, 34D, EV 97.5 MPH) Zach Thomason to third Yorkis Saiki to second Runner from 3rd tries for Home, SAFE, throw by RF to home
|
Batting: LHB Jon Burgos
|
0-0: Ground out 5-3 (Groundball, 56S, EV 85.6 MPH)
|
Bottom of the 2nd over - 1 run, 2 hits, 0 errors, 2 left on base; Colorado (EL) 8 - Mississippi 1 |
TOP OF THE 3RD |
Colorado (EL) Rockies batting - Pitching for Mississippi Braves : RHP Nate Davis
|
Batting: RHB John Michener
|
0-0: Foul Ball, location: 2F 0-1: Ball 1-1: Ball 2-1: Swinging Strike 2-2: Foul Ball, location: 2F 2-2: Ball 3-2: Base on Balls
|
Batting: RHB Eduardo Camacho
|
0-0: Called Strike 0-1: Called Strike 0-2: Ball 1-2: Foul Ball, location: 2F 1-2: Foul Ball, location: 2F 1-2: SINGLE (Groundball, 56D, EV 98.8 MPH) John Michener to second
|
Batting: LHB Eric Ludwig
|
0-0: Called Strike 0-1: Swinging Strike 0-2: Ball 1-2: Foul Ball, location: 2F 1-2: Ball 2-2: Ball 3-2: Fielders Choice at 2nd, 5-4 (Groundball, 5, EV 84.4 MPH) John Michener to third
|
Batting: SHB In-sung Lee
|
0-0: Called Strike 0-1: Ball 1-1: Swinging Strike 1-2: Ball 2-2: Fly out, F7 (Flyball, 7LM, EV 91.3 MPH) Runner from 3rd tags up, SCORES, throw by LF
|
Batting: RHB Matt Wheaton
|
0-0: Ball 1-0: SINGLE (Groundball, 34D, EV 103.1 MPH) Eric Ludwig to second
|
Batting: RHB R.J. Anchondo
|
0-0: Called Strike 0-1: Ball 1-1: Foul Ball, location: 2F 1-2: Foul Ball, location: 2F 1-2: Strikes out swinging
|
Top of the 3rd over - 1 run, 2 hits, 0 errors, 2 left on base; Colorado (EL) 9 - Mississippi 1 |
BOTTOM OF THE 3RD |
Mississippi Braves batting - Pitching for Colorado (EL) Rockies : LHP Adrian Hamilton
|
Batting: RHB Tim Nettles
|
0-0: Swinging Strike 0-1: Called Strike 0-2: Strikes out swinging
|
Batting: RHB Zachary Sidney
|
0-0: Called Strike 0-1: Called Strike 0-2: Strikes out swinging
|
Batting: SHB Brian Bagley
|
0-0: Ball 1-0: Ground out 6-3 (Groundball, 6S, EV 78.8 MPH)
|
Bottom of the 3rd over - 0 runs, 0 hits, 0 errors, 0 left on base; Colorado (EL) 9 - Mississippi 1 |
TOP OF THE 4TH |
Colorado (EL) Rockies batting - Pitching for Mississippi Braves : RHP Nate Davis
|
Batting: RHB Max Schellekens
|
0-0: Ball 1-0: Foul Ball, location: 2F 1-1: Called Strike 1-2: Strikes out swinging
|
Batting: LHB Elijah Black
|
0-0: Ball 1-0: SINGLE (Groundball, 4S, EV 64.4 MPH) (infield hit)
|
Batting: RHB Matt Fabre
|
0-0: Called Strike 0-1: Ball 1-1: Foul Ball, location: 2F 1-2: Strikes out looking
|
Batting: RHB John Michener
|
0-0: Ball 1-0: Ground out 2-3 (Groundball, 2L, EV 68.1 MPH)
|
Top of the 4th over - 0 runs, 1 hit, 0 errors, 1 left on base; Colorado (EL) 9 - Mississippi 1 |
BOTTOM OF THE 4TH |
Mississippi Braves batting - Pitching for Colorado (EL) Rockies : LHP Adrian Hamilton
|
Batting: RHB Zach Thomason
|
0-0: DOUBLE (Line Drive, 3D, EV 94.4 MPH)
|
Batting: RHB Yorkis Saiki
|
0-0: Ball 1-0: Foul Ball, location: 2F 1-1: Ball 2-1: Called Strike 2-2: Ball 3-2: Foul Ball, location: 2F 3-2: Strikes out swinging
|
Batting: LHB Raul Guarjardo
|
0-0: Foul Ball, location: 2F 0-1: Ground out 4-3 (Groundball, 4, EV 83.8 MPH) Zach Thomason to third
|
Batting: LHB Rodolfo Cano
|
0-0: Ball 1-0: Called Strike 1-1: Foul Ball, location: 2F 1-2: Strikes out looking
|
Bottom of the 4th over - 0 runs, 1 hit, 0 errors, 1 left on base; Colorado (EL) 9 - Mississippi 1 |
TOP OF THE 5TH |
Colorado (EL) Rockies batting - Pitching for Mississippi Braves : RHP Nate Davis
|
Batting: RHB Eduardo Camacho
|
0-0: Called Strike 0-1: Fly out, F8 (Line Drive, 8RD, EV 93.1 MPH)
|
Batting: LHB Eric Ludwig
|
0-0: Ball 1-0: Called Strike 1-1: Ball 2-1: Ball 3-1: Ground out 4-3 (Groundball, 4, EV 77.5 MPH)
|
Batting: SHB In-sung Lee
|
0-0: Ball 1-0: Foul Ball, location: 2F 1-1: Ball 2-1: Fly out, F9 (Flyball, 9, EV 85.0 MPH)
|
Top of the 5th over - 0 runs, 0 hits, 0 errors, 0 left on base; Colorado (EL) 9 - Mississippi 1 |
BOTTOM OF THE 5TH |
Mississippi Braves batting - Pitching for Colorado (EL) Rockies : LHP Adrian Hamilton
|
Batting: SHB Paul Karlovich
|
0-0: Ground out U3 (Groundball, 34S, EV 81.9 MPH)
|
Batting: LHB Jon Burgos
|
0-0: Foul Ball, location: 2F 0-1: Ball 1-1: Foul Ball, location: 2F 1-2: Ground out 4-3 (Groundball, 4, EV 103.1 MPH)
|
Batting: RHB Tim Nettles
|
0-0: Ground out U3 (Groundball, 3S, EV 75.0 MPH)
|
Bottom of the 5th over - 0 runs, 0 hits, 0 errors, 0 left on base; Colorado (EL) 9 - Mississippi 1 |
TOP OF THE 6TH |
Colorado (EL) Rockies batting - Pitching for Mississippi Braves : RHP Nate Davis
|
Pitching: LHP Pete Dobbs
|
|
Batting: RHB Matt Wheaton
|
0-0: Foul Ball, location: 2F 0-1: Ball 1-1: Foul Ball, location: 2F 1-2: Ball 2-2: Strikes out swinging
|
Batting: RHB R.J. Anchondo
|
0-0: Hit by Pitch
|
Batting: RHB Max Schellekens
|
0-0: Called Strike 0-1: Called Strike 0-2: Ball 1-2: Strikes out swinging
|
Batting: LHB Elijah Black
|
0-0: Foul Ball, location: 2F 0-1: Fielders Choice at 2nd, 6-4 (Groundball, 6, EV 80.0 MPH)
|
Top of the 6th over - 0 runs, 0 hits, 0 errors, 1 left on base; Colorado (EL) 9 - Mississippi 1 |
BOTTOM OF THE 6TH |
Mississippi Braves batting - Pitching for Colorado (EL) Rockies : LHP Adrian Hamilton
|
Batting: RHB Zachary Sidney
|
0-0: Ball 1-0: Ball 2-0: Called Strike 2-1: Called Strike 2-2: Strikes out swinging
|
Batting: SHB Brian Bagley
|
0-0: Ball 1-0: Called Strike 1-1: Ball 2-1: Ball 3-1: Foul Ball, location: 2F 3-2: Fly out, F8 (Line Drive, 8RD, EV 94.4 MPH)
|
Batting: RHB Zach Thomason
|
0-0: Ball 1-0: Called Strike 1-1: Swinging Strike 1-2: Strikes out looking
|
Bottom of the 6th over - 0 runs, 0 hits, 0 errors, 0 left on base; Colorado (EL) 9 - Mississippi 1 |
TOP OF THE 7TH |
Colorado (EL) Rockies batting - Pitching for Mississippi Braves : LHP Pete Dobbs
|
Pinch Hitting: RHB Ronnie DeVries
|
0-0: SINGLE (Groundball, 56D, EV 98.8 MPH)
|
Batting: RHB John Michener
|
0-0: Called Strike 0-1: Ball 1-1: Ball 2-1: Ball 3-1: Base on Balls Ronnie DeVries to second
|
Batting: RHB Eduardo Camacho
|
0-0: Ball Passed Ball! Ronnie DeVries to third John Michener to second 1-0: Ball 2-0: Foul Ball, location: 2F 2-1: Foul Ball, location: 2F 2-2: Ground out 1-3 (Groundball, 25, EV 63.8 MPH)
|
Batting: LHB Eric Ludwig
|
0-0: Ball 1-0: Ball 2-0: Called Strike 2-1: Foul Ball, location: 2F 2-2: Strikes out looking
|
Batting: SHB In-sung Lee
|
0-0: Swinging Strike 0-1: Ball 1-1: Called Strike 1-2: Strikes out swinging
|
Top of the 7th over - 0 runs, 1 hit, 0 errors, 2 left on base; Colorado (EL) 9 - Mississippi 1 |
BOTTOM OF THE 7TH |
Mississippi Braves batting - Pitching for Colorado (EL) Rockies : LHP Adrian Hamilton
|
Now at 1B: Guillermo Veronese
|
|
Batting: RHB Yorkis Saiki
|
0-0: Ball 1-0: Ball 2-0: Ball 3-0: Called Strike 3-1: Called Strike 3-2: Foul Ball, location: 2F 3-2: SINGLE (Line Drive, 89S, EV 101.9 MPH)
|
Batting: LHB Raul Guarjardo
|
0-0: Ball 1-0: Called Strike 1-1: Foul Ball, location: 2F 1-2: Ball 2-2: Foul Ball, location: 2F 2-2: Foul Ball, location: 2F 2-2: SINGLE (Line Drive, 89M, EV 98.1 MPH) Yorkis Saiki to second
|
Batting: LHB Rodolfo Cano
|
0-0: Ball 1-0: Fielders Choice at 2nd, 6-4 (Groundball, 6M, EV 88.8 MPH) Yorkis Saiki to third
|
Batting: SHB Paul Karlovich
|
0-0: SINGLE (Line Drive, 78S, EV 95.0 MPH) Yorkis Saiki scores Rodolfo Cano to second
|
Pinch Hitting: RHB Johnny Burroughs
|
0-0: Called Strike 0-1: Ball 1-1: Ball 2-1: Fly out, F9 (Line Drive, 9D, EV 93.1 MPH)
|
Pitching: RHP Mike Wilkins
|
|
Pinch Hitting: RHB Bobby Light
|
0-0: Ball Wild Pitch! Rodolfo Cano to third Paul Karlovich to second 1-0: Swinging Strike 1-1: Ball 2-1: Foul Ball, location: 2F 2-2: Ground out 5-3 (Groundball, 56, EV 109.4 MPH)
|
Bottom of the 7th over - 1 run, 3 hits, 0 errors, 2 left on base; Colorado (EL) 9 - Mississippi 2 |
TOP OF THE 8TH |
Colorado (EL) Rockies batting - Pitching for Mississippi Braves : LHP Pete Dobbs
|
Pitching: RHP Toru Yoshikawa
|
|
Now at 2B: Zach Thomason
|
|
Now at SS: Bobby Light
|
|
Now in CF: Rodolfo Cano
|
|
Now in RF: Pablo Ordonez
|
|
Batting: RHB Matt Wheaton
|
0-0: Ball 1-0: Ball 2-0: Ball 3-0: Called Strike 3-1: Base on Balls
|
Batting: RHB R.J. Anchondo
|
0-0: Foul Ball, location: 2F 0-1: Foul Ball, location: 2F 0-2: SINGLE (Groundball, 34D, EV 98.8 MPH) Matt Wheaton to second Matt Wheaton to third
|
Batting: RHB Max Schellekens
|
0-0: DOUBLE (Line Drive, 8RXD, EV 107.5 MPH) Matt Wheaton scores R.J. Anchondo to third
|
Pitching: RHP Kelly Adley
|
|
Batting: LHB Elijah Black
|
0-0: Ball 1-0: Called Strike 1-1: Ground out 6-3 (Groundball, 6, EV 98.1 MPH) R.J. Anchondo scores
|
Batting: RHB Guillermo Veronese
|
0-0: Reached on error, E3 (Groundball, 34, EV 84.4 MPH) Max Schellekens to third
|
Batting: RHB John Michener
|
0-0: Swinging Strike 0-1: Ball 1-1: Fly out, F7 (Flyball, 7LM, EV 91.9 MPH)
|
Batting: RHB Eduardo Camacho
|
Pickoff Throw to First - Out! 1-3
|
Top of the 8th over - 2 runs, 2 hits, 1 error, 1 left on base; Colorado (EL) 11 - Mississippi 2 |
BOTTOM OF THE 8TH |
Mississippi Braves batting - Pitching for Colorado (EL) Rockies : RHP Mike Wilkins
|
Batting: RHB Zachary Sidney
|
0-0: Ball 1-0: Swinging Strike 1-1: Ground out 5-3 (Groundball, 5S, EV 81.3 MPH)
|
Pinch Hitting: RHB Ed Haydon
|
0-0: Called Strike 0-1: Ball 1-1: SINGLE (Line Drive, 4MD, EV 96.9 MPH)
|
Pinch Hitting: RHB Edwin Cota
|
0-0: Ball 1-0: Fielders Choice at 2nd, 3-6 (Groundball, 34, EV 88.1 MPH)
|
Batting: RHB Yorkis Saiki
|
0-0: Foul Ball, location: 2F 0-1: Swinging Strike 0-2: Ball 1-2: Strikes out looking
|
Bottom of the 8th over - 0 runs, 1 hit, 0 errors, 1 left on base; Colorado (EL) 11 - Mississippi 2 |
TOP OF THE 9TH |
Colorado (EL) Rockies batting - Pitching for Mississippi Braves : RHP Kelly Adley
|
Now at 1B: Ed Haydon
|
|
Now at 2B: Edwin Cota
|
|
Batting: RHB Eduardo Camacho
|
0-0: Called Strike 0-1: Ball 1-1: Ball 2-1: Ground out 4-3 (Groundball, 4, EV 87.5 MPH)
|
Batting: LHB Eric Ludwig
|
0-0: Ball 1-0: Ball 2-0: Ball 3-0: Called Strike 3-1: Base on Balls
|
Batting: SHB In-sung Lee
|
0-0: Called Strike 0-1: Ball 1-1: Foul Ball, location: 2F 1-2: Ball 2-2: Strikes out swinging
|
Batting: RHB Matt Wheaton
|
0-0: Called Strike 0-1: Foul Ball, location: 2F 0-2: Ball 1-2: Ball 2-2: Ball 3-2: Strikes out swinging
|
Top of the 9th over - 0 runs, 0 hits, 0 errors, 1 left on base; Colorado (EL) 11 - Mississippi 2 |
BOTTOM OF THE 9TH |
Mississippi Braves batting - Pitching for Colorado (EL) Rockies : RHP Mike Wilkins
|
Batting: LHB Raul Guarjardo
|
0-0: Ground out 4-3 (Groundball, 4, EV 109.4 MPH)
|
Batting: LHB Rodolfo Cano
|
0-0: Foul Ball, location: 2F 0-1: Swinging Strike 0-2: Ball 1-2: Strikes out swinging
|
Batting: SHB Paul Karlovich
|
0-0: Ball 1-0: Ground out 4-3 (Groundball, 4, EV 98.1 MPH)
|
Bottom of the 9th over - 0 runs, 0 hits, 0 errors, 0 left on base; Colorado (EL) 11 - Mississippi 2 |
|